 Dungeon Crawl Stone Soup version 0.31-a0-544-gceb718ecc6 (webtiles) character file.

Game seed: 2548632429346884727

7625 heikuro the Cleaver (level 11, 0/87 HPs)
             Began as a Formicid Fighter on Aug 15, 2023.
             Was a Believer of the Shining One.
             Slain by a warg (10 damage)
             ... on level 11 of the Dungeon.
             The game lasted 00:19:45 (7989 turns).

heikuro the Cleaver (Formicid Fighter)              Turns: 7989, Time: 00:19:45

Health: 0/87       AC: 20    Str: 31    XL:     11   Next: 40%
Magic:  15/15      EV:  8    Int:  8    God:    the Shining One [**....]
Gold:   625        SH: 11    Dex: 13    Spells: 10/10 levels left

rFire   . . .        a - +4 war axe (heavy)
rCold   . . .        c - +0 buckler
rNeg    + . .        A - +0 plate armour
rPois   +            (helmet unavailable)
rElec   .            H - +0 cloak
rCorr   .            K - +0 pair of gloves
SInv    +            j - +2 pair of boots
Will    +....        o - amulet of reflection Stlth
                     g - ring of poison resistance
HPRegen 0.34/turn    l - +6 ring of strength
MPRegen 0.14/turn

%: reflection
@: mighty, glowing
A: permanent stasis, dig shafts and tunnels, antennae 3, four strong arms
a: Dig, Shaft Self, Renounce Religion, Divine Shield


You were on level 11 of the Dungeon.
You worshipped the Shining One.
The Shining One was pleased with you.
You visited 2 branches of the dungeon, and saw 12 of its levels.

You collected 625 gold pieces.

Inventory:

Hand Weapons
 a - a +4 heavy war axe (weapon)
 w - a +0 bardiche
 G - the +1 hand axe of Biuged {venom, *Corrode rN+ Dex+4}
   (You found it on level 7 of the Dungeon)

   Dex+4:     It affects your dexterity (+4).
   rN+:       It protects you from negative energy.
   *Corrode:  It may corrode you when you take damage.
Missiles
 p - 3 throwing nets
Armour
 c - a +0 buckler (worn)
 j - a +2 pair of boots (worn)
 A - a +0 plate armour (worn)
 H - a +0 cloak (worn)
 K - a +0 pair of gloves (worn)
Jewellery
 g - a ring of poison resistance (left hand)
 l - a +6 ring of strength (right hand)
 o - an amulet of reflection (around neck)
 F - a ring of magical power
 J - a +6 ring of intelligence
 N - the ring "Majete Vena" {rC+ Str-5 Dex+4 Slay+2}
   (You found it on level 9 of the Dungeon)

   [ring of protection from cold]

   Str-5:     It affects your strength (-5).
   Dex+4:     It affects your dexterity (+4).
   Slay+2:    It affects your accuracy & damage with ranged weapons and melee
   (+2).
   rC+:       It protects you from cold.
Wands
 b - a wand of charming (20)
 y - a wand of flame (23)
 C - a wand of roots (12)
 D - a wand of mindburst (3)
Scrolls
 d - a scroll of revelation {unknown}
 e - a scroll of poison {unknown}
 f - a scroll of vulnerability {unknown}
 h - 10 scrolls of identify
 k - 2 scrolls of amnesia {unknown}
 m - a scroll of enchant weapon {unknown}
 n - 2 scrolls of fog {unknown}
 q - a scroll of immolation {unknown}
 s - a scroll of fear {unknown}
 t - a scroll of butterflies {unknown}
 v - 3 scrolls of blinking {unknown}
 E - a scroll of noise {unknown}
 I - a scroll of brand weapon {unknown}
 L - a scroll of silence {unknown}
 M - a scroll of enchant armour {unknown}
Potions
 i - 2 potions of enlightenment
 r - 2 potions of brilliance
 u - 3 potions of mutation
 x - 2 potions of curing
 B - 2 potions of attraction


   Skills:
 + Level 8.6 Fighting
 * Level 10.4 Axes
 + Level 8.6 Armour
 + Level 10.1 Shields
 + Level 6.3 Invocations


You had 10 spell levels left.
You didn't know any spells.
Your spell library contained the following spells:

 Spells                   Type           Power      Damage    Failure   Level
 Sandblast                Erth           0%         2d4       98%         1
 Shock                    Conj/Air       0%         1d3       98%         1
 Lesser Beckoning         Tloc           0%         N/A       99%         2
 Momentum Strike          Conj/Tloc      0%         3d8       99%         2
 Passwall                 Tmut/Erth      0%         N/A       99%         2
 Gell's Gravitas          Tloc           0%         N/A       100%        3
 Inner Flame              Hex/Fire       0%         N/A       100%        3
 Ozocubu's Armour         Ice            0%         N/A       100%        3
 Stone Arrow              Conj/Erth      0%         3d7       100%        3
 Teleport Other           Tloc           0%         N/A       100%        3
 Airstrike                Air            0%         2d(0-16)  100%        4
 Arcjolt                  Conj/Air       0%         1d10      100%        5
 Yara's Violent Unravell  Hex/Tmut       0%         3d3       100%        5
 Dispersal                Tloc           0%         N/A       100%        6
 Enfeeble                 Hex            0%         N/A       100%        7
 Ozocubu's Refrigeration  Ice            0%         4d7       100%        7
 Maxwell's Capacitive Co  Air            0%         ∞         100%        8
 Blink                    Tloc           Unusable   N/A       N/A         2
 Swiftness                Air            Unusable   N/A       N/A         3
 Vhi's Electric Charge    Tloc/Air       Unusable   N/A       N/A         3

Dungeon Overview and Level Annotations

Branches:
Dungeon (10/15)            Temple (1/1) D:6
   Lair: D:8-11         Orc: D:9-12

Altars:
Ashenzari
Cheibriados
Dithmenos
Elyvilon
Fedhas
Gozag
Hepliaklqana
Kikubaaqudgha
Makhleb
Nemelex Xobeh
Qazlal
Ru
Sif Muna
Trog
Uskayaw
Vehumet
Wu Jian
Xom
Yredelemnul
Zin
The Shining One

Shops:
D:4 *

Annotations:
D:9 2 transporters, petzl's ghost, weakling FoDe
D:11 Fannar


Innate Abilities, Weirdness & Mutations

You cannot be hasted, slowed, berserked, paralysed or teleported.
You can dig through walls and to a lower floor.
You have a pair of large antennae on your head. (SInv)
Your four strong arms can wield two-handed weapons with a shield.


Message History

You carve the warg like a ham!!!
You kill the warg!
You slash the orc wizard!
You kill the orc wizard!
You feel sick. The warg closely misses you. The warg bites you.
An orc warrior comes into view. It is wielding a +0 dire flail.
You barely miss the warg.
You feel sick. You block the warg's attack.
Fannar mumbles some strange words.
The warg bites you but does no damage. The ice beast completely misses you.
Unknown command.
You slash the warg!
The warg is moderately wounded.
You slash the ice beast!
You feel sick. You block the warg's attack.
The ice beast hits you but does no damage.
The warg bites you.
The orc priest miscasts a cantrip.
Unknown command.
You barely miss the warg.
The warg is moderately wounded.
You slice the ice beast!!
You kill the ice beast!
The ice beast disappears in a puff of smoke!
You feel sick.
You are no longer poisoned.
The warg bites you but does no damage. You block the warg's attack.
You slash the warg!
The warg is almost dead.
You completely miss the orc wizard. The warg bites you.
The orc wizard hits you but does no damage.
The orc priest calls down the wrath of Beogh upon you.
Beogh smites you!
* * * LOW HITPOINT WARNING * * *
The warg bites you!
* * * LOW HITPOINT WARNING * * *
Fannar glares icily.
Fannar mumbles some strange words.
The orc wizard hits you with a +0 dagger.
* * * LOW HITPOINT WARNING * * *
The warg bites you!
You die...

#.......#
#.......#
#.......+
+.......#
#.......#
#.......#
#.......# ,
#...)o..#...
#..)@h.ooYe.
######+##o.Y
.


You could see Fannar, a warg, an orc warrior, 2 ice beasts, an orc priest, an
orc wizard (invisible) and an orc.

Vanquished Creatures
  2 two-headed ogres
  Pikel (D:8)
  Joseph (D:8)
  A gargoyle (D:7)
  An unseen horror (D:10)
  A komodo dragon (D:10)
  Prince Ribbit (D:8)
  Sigmund (D:2)
  A vampire (D:10)
  A wyvern (D:9)
  A yak (D:7)
  2 steam dragons
  2 vampire mosquitoes (D:7)
  A warg (D:11)
  2 acid dragons
  2 water moccasins
  An orc warrior (D:6)
  A black bear (D:6)
  A sky beast (D:7)
  3 ogres
  A centaur (D:7)
  2 phantoms
  4 lemures (D:8)
  2 kobold brigands
  2 bullfrogs
  A scorpion (D:6)
  19 killer bees
  3 howler monkeys
  2 electric eels (D:9)
  4 hounds
  An orc priest (D:6)
  A centaur skeleton (D:3)
  10 orc wizards
  2 sleepcaps
  4 iguanas
  A killer bee zombie (D:8)
  A hound skeleton (D:3)
  A howler monkey zombie (D:8)
  Robin (D:3)
  7 adders
  3 shadow imps
  2 white imps (D:8)
  2 ufetubi
  An adder skeleton (D:3)
  5 worms
  3 dart slugs
  21 orcs
  11 bats
  6 endoplasms
  3 giant cockroaches
  20 goblins
  9 hobgoblins
  9 kobolds
  6 quokkas
  6 ball pythons
  A ball python skeleton (D:3)
  3 frilled lizards
  A giant cockroach zombie (D:3)
  2 quokka skeletons (D:3)
  3 rats
213 creatures vanquished.

Notes
Turn   | Place    | Note
-------+----------+-------------------------------------------
     0 | D:1      | heikuro the Formicid Fighter began the quest for the Orb.
     0 | D:1      | Reached XP level 1. HP: 18/18 MP: 1/1
    84 | D:1      | Reached XP level 2. HP: 21/24 MP: 2/2
   227 | D:1      | Reached XP level 3. HP: 25/29 MP: 3/3
   839 | D:2      | Noticed Sigmund
   852 | D:2      | Reached XP level 4. HP: 22/37 MP: 4/4
   856 | D:2      | Killed Sigmund
   857 | D:2      | Reached skill level 5 in Shields
   857 | D:2      | Reached XP level 5. HP: 19/42 MP: 5/5
   857 | D:2      | Reached XP level 6. HP: 22/48 MP: 6/6
  1233 | D:3      | Found Kabb's Book Boutique.
  1379 | D:3      | Found a faded altar of an unknown god.
  1401 | D:3      | Found a sacrificial altar of Ru.
  1402 | D:3      | Found a hazy altar of Hepliaklqana.
  1402 | D:3      | Found a sparkling altar of Nemelex Xobeh.
  1416 | D:3      | Found a stormy altar of Qazlal.
  1417 | D:3      | Found a blossoming altar of Fedhas.
  1466 | D:3      | Noticed Robin
  1486 | D:3      | Killed Robin
  2129 | D:4      | Found Gateux's General Store.
  2140 | D:4      | Reached XP level 7. HP: 51/55 MP: 7/7
  2364 | D:4      | Found a bloodstained altar of Trog.
  2725 | D:5      | Entered Level 5 of the Dungeon
  2747 | D:5      | Reached skill level 5 in Axes
  2818 | D:5      | Reached skill level 5 in Fighting
  2818 | D:5      | Reached skill level 5 in Armour
  2884 | D:5      | Upgraded the game from 0.31-a0-542-gdc2a67831c to
                  | 0.31-a0-544-gceb718ecc6
  2921 | D:5      | Reached XP level 8. HP: 22/62 MP: 8/8
  4302 | D:6      | Found a staircase to the Ecumenical Temple.
  4312 | Temple   | Entered the Ecumenical Temple
  4367 | Temple   | Became a worshipper of the Shining One
  4418 | D:7      | Reached XP level 9. HP: 51/69 MP: 9/9
  4525 | D:7      | Reached skill level 1 in Invocations
  5010 | D:7      | Noticed a gargoyle
  5016 | D:7      | Killed a gargoyle
  5298 | D:7      | Identified the staff "Teupp" {rElec rN+ MP+9 Air}
  5298 | D:7      | Identified the +1 hand axe of Biuged {venom, *Corrode rN+
                  | Dex+4}
  5595 | D:8      | Reached XP level 10. HP: 79/79 MP: 12/12
  5635 | D:8      | Reached * piety under the Shining One
  5756 | D:8      | Noticed Pikel
  5765 | D:8      | Killed Pikel
  5816 | D:8      | Noticed Joseph
  5828 | D:8      | Killed Joseph
  6074 | D:8      | Found a hide-covered altar of Uskayaw.
  6074 | D:8      | Found an opulent altar of Gozag.
  6075 | D:8      | Found a glowing silver altar of Zin.
  6085 | D:8      | Found a burning altar of Makhleb.
  6152 | D:8      | Noticed Prince Ribbit
  6156 | D:8      | Killed Prince Ribbit
  6195 | D:8      | Found a basalt altar of Yredelemnul.
  6320 | D:9      | Noticed petzl's ghost (weakling FoDe)
  6339 | D:9      | Found a transporter.
  6384 | D:9      | Reached skill level 5 in Invocations
  6457 | D:9      | Found a transporter.
  6579 | D:9      | Reached ** piety under the Shining One
  7469 | D:9      | Identified the ring "Majete Vena" {rC+ Str-5 Dex+4 Slay+2}
  7579 | D:9      | Reached XP level 11. HP: 78/86 MP: 15/15
  7655 | D:10     | Entered Level 10 of the Dungeon
  7722 | D:10     | Reached skill level 10 in Axes
  7907 | D:10     | Noticed a two-headed ogre
  7911 | D:10     | Killed a two-headed ogre
  7912 | D:10     | Reached skill level 10 in Shields
  7958 | D:10     | You fall into a shaft and drop 1 floor!
  7971 | D:11     | Noticed a two-headed ogre
  7977 | D:11     | Killed a two-headed ogre
  7979 | D:11     | Noticed Fannar
  7989 | D:11     | Slain by a warg

Illustrated notes

Levels and vault maps discovered:
D:1:      lemuel_arrival_rhombus, layout_basic, st_stairs_7
D:2:      layout_basic, nicolae_titane, uniq_sigmund
D:3:      layout_basic, grunt_temple_overflow_open,
          shapermc_ecumenical_altar_petra, serial_undead, serial_undead_f,
          serial_undead_a, serial_undead_a, serial_undead_d, serial_shops,
          nicolae_shop_advertising_works [nicolae_subvault_shop_adworks],
          uniq_robin
D:4:      layout_basic, lemuel_doored_altar, serial_shops, shop
D:5:      layout_basic
D:6:      layout_basic, minmay_temple_entry_antechambers
D:7:      layout_loops_cross, minmay_the_grid_2x2 [minmay_the_grid_x,
          minmay_the_grid_zigzag_pyramid, minmay_the_grid_stretched_grid,
          minmay_the_grid_prize_four_corners_diamond_a]
D:8:      layout_rooms, lemuel_zombie_altar_yredelemnul,
          nicolae_overflow_quartered_altars, uniq_joseph, uniq_prince_ribbit1,
          uniq_pikel
D:9:      layout_stronghold, gammafunk_ghost_stat_death, fungi_pond_lemuel,
          kennysheep_nondescript
D:10:     layout_cross, mainiacjoe_overflow_alcove_4, serial_shops,
          nicolae_shop_back_alley_shop
D:11:     layout_roguey, erik_lair_orcish_takeover, david_orc_2, uniq_amaemon,
          uniq_harold, uniq_fannar
Temple:   compressed_dpeg_circular_temple

Skill      XL: |  1  2  3  4  5  6  7  8  9 10 11 |
---------------+----------------------------------+-----
Fighting       | 4 5 6 7 8 |  8.6
Axes           | 4 5 6 8 9 10 | 10.4
Armour         | 4 5 6 7 8 |  8.6
Shields        | 5 6 7 8 9 10 | 10.1
Invocations    | 3 5 6 |  6.3

Action                     |  1- 3 |  4- 6 |  7- 9 | 10-12 || total
---------------------------+-------+-------+-------+-------++-------
  Melee: War axe           |    79 |   110 |   109 |   126 ||   424
         Bardiche          |       |       |    87 |       ||    87
         Hand axe          |       |       |     5 |       ||     5
Ability: Dig               |       |       |     1 |       ||     1
         Shaft Self        |       |       |       |     2 ||     2
  Evoke: Wand              |       |       |       |    12 ||    12
    Use: Scroll            |     1 |     1 |     3 |     2 ||     7
         Potion            |     1 |       |       |     1 ||     2
 Armour: Scale mail        |    62 |    47 |    65 |       ||   174
         Plate armour      |       |       |    70 |   129 ||   199
  Dodge: Dodged            |    54 |    37 |    81 |    42 ||   214
  Block: Buckler           |    21 |    59 |   154 |   112 ||   346
         Reflection        |       |       |     7 |     3 ||    10

Table legend: (Time is in decaauts)
 A = Elapsed time spent in this place.
 B = Non-inter-level travel time spent in this place.
 C = Inter-level travel time spent in this place.
 D = Time resting spent in this place.
 E = Time spent auto-exploring this place.
 F = Levels seen in this place.
 G = Mean time per level.
                   A        B        C        D        E       F      G
               +--------+--------+--------+--------+--------+-----+--------+
         Total |   8269 |   7999 |    270 |    968 |   4980 |  12 |  689.1 |
       Dungeon |   8201 |   7940 |    261 |    968 |   4980 |  11 |  745.5 |
        Temple |     67 |     58 |      9 |      0 |      0 |   1 |   67.0 |
               +--------+--------+--------+--------+--------+-----+--------+

Top non-repeatable levels by time:
     D:9: 1391 daAuts
     D:7: 1209 daAuts
     D:5: 910 daAuts
     D:3: 885 daAuts
     D:4: 798 daAuts
     D:6: 758 daAuts
     D:8: 731 daAuts
     D:2: 610 daAuts
     D:1: 556 daAuts
    D:10: 316 daAuts
  Temple: 67 daAuts
    D:11: 34 daAuts
